 Dungeon Crawl Stone Soup version 0.29-a0-845-g6161e89988 (webtiles) character file.

Game seed: 16701546365385862900

52 flyleaff the Trooper (level 3, -1/31 HPs)
             Began as a Palentonga Fighter on July 16, 2022.
             Was a Follower of Elyvilon.
             Slain by a gnoll
             ... wielding a +0 halberd
              (13 damage)
             ... on level 2 of the Dungeon.
             The game lasted 00:03:26 (1613 turns).

flyleaff the Trooper (Palentonga Fighter)           Turns: 1613, Time: 00:03:27

Health: -1/31      AC:  7    Str: 21    XL:     3   Next: 60%
Magic:  3/3        EV:  7    Int:  8    God:    Elyvilon [*.....]
Gold:   86         SH:  4    Dex:  9    Spells: 2/2 levels left

rFire   . . .      SeeInvis +   a - +0 flail
rCold   . . .      Faith    .   c - +0 buckler
rNeg    . . .      Spirit   .   b - +0 scale mail
rPois   .          Reflect  .   (no helmet)
rElec   .          Harm     .   (no cloak)
rCorr   .          Rampage  .   r - +0 pair of gloves
Will    .....                   (no barding)
Stlth   ..........              (no amulet)
HPRegen 0.10/turn               (no ring)
MPRegen 0.08/turn               (no ring)

@: mighty
A: large, rugged brown scales 3, see invisible, deformed body, roll 1, armoured
tail
a: Rolling Charge, Renounce Religion, Purification


You were on level 2 of the Dungeon.
You worshipped Elyvilon.
Elyvilon was aware of your devotion.
You visited 1 branch of the dungeon, and saw 2 of its levels.

You collected 128 gold pieces.
You spent 42 gold pieces at shops.

Inventory:

Hand Weapons
 a - a +0 flail (weapon)
Armour
 b - a +0 scale mail (worn)
 c - a +0 buckler (worn)
 r - a +0 pair of gloves (worn)
Scrolls
 f - a scroll of identify {unknown}
 j - a scroll of poison {unknown}
 l - a scroll of noise {unknown}
 m - 2 scrolls of amnesia {unknown}
 o - a scroll of acquirement {unknown}
 s - a scroll of summoning {unknown}
Potions
 e - a potion of flight {unknown}
 g - 4 potions of curing
 h - a potion of attraction {unknown}
 i - a potion of ambrosia {unknown}
 k - 2 potions of brilliance {unknown}
 n - 2 potions of degeneration {unknown}
 p - 2 potions of haste {unknown}
 q - a potion of magic {unknown}


   Skills:
 + Level 3.4 Fighting
 + Level 2.6 Maces & Flails
 + Level 2.8 Armour
 + Level 3.1 Shields


You had 2 spell levels left.
You didn't know any spells.
Your spell library was empty.

Dungeon Overview and Level Annotations

Branches:
Dungeon (2/15)

Altars:
Elyvilon

Shops:
D:1 !


Innate Abilities, Weirdness & Mutations

You are completely covered in rugged brown scales. (AC +3, +7% HP)
You have supernaturally acute eyesight. (SInv)
Armour fits poorly on your strangely shaped body.
You can roll at nearby foes to attack.
You have a long armoured tail.


Message History

A goblin comes into view. It is wielding a +0 club.
The goblin shouts!
You hit the goblin.
You kill the goblin!
No target in view!
No target in view!
No target in view!
No target in view!
No target in view!
No target in view!
No target in view!
No target in view!
No target in view!
No target in view!
No target in view!
s - a scroll labelled POGIUTUETU You now have 86 gold pieces (gained 15).
Found a stone staircase leading up.
There is a stone staircase leading up here.
A gnoll comes into view. It is wielding a +0 halberd.
The gnoll shouts!
You hear a shout! x2
A gnoll comes into view. It is wielding a +0 spear.
The gnoll shouts!
A gnoll comes into view. It is wielding a +0 club.
The gnoll shouts!
The gnoll hits you from afar with a +0 halberd!
The gnoll hits you with a +0 club. The gnoll hits you but does no damage.
You hit the gnoll but do no damage.
Your tail-slap misses the gnoll.
The gnoll hits you from afar with a +0 spear.
The gnoll hits you with a +0 club. The gnoll hits you but does no damage.
The gnoll attacks as you move away! The gnoll hits you but does no damage.
The gnoll attacks as you move away! The gnoll hits you but does no damage.
The gnoll attacks as you move away! You block the gnoll's attack.
Nothing ails you!
You feel very mighty all of a sudden. The gnoll hits you with a +0 club.
You hit the gnoll.
The gnoll is moderately wounded.
The gnoll hits you from afar with a +0 halberd!
You die...

#..#################
#######.................#
#.......###############.##
#.#...............# #...
#...#############.#####..#
##..# #.......<........#
#..# #.#######.######.#
#..# #.# #.######.# #..#
#@# #........# #..# #g#
########## #..# #g# #..
#.## #g# #.# #.# #.# #.#
#.# #.# #.# #.# #.# #.#
#.# #.# #.# #.# #.# #.#


You could see 3 gnolls.

Vanquished Creatures
  A worm (D:2)
  A dart slug (D:1)
  3 bats (D:1)
  4 endoplasms
  2 giant cockroaches
  4 goblins
  A hobgoblin (D:1)
  8 jackals (D:2)
  3 quokkas (D:1)
  4 ball pythons
  4 frilled lizards (D:1)
  4 kobolds
  4 rats
43 creatures vanquished.

Notes
Turn   | Place    | Note
-------+----------+-------------------------------------------
     0 | D:1      | flyleaff the Palentonga Fighter began the quest for the
                  | Orb.
     0 | D:1      | Reached XP level 1. HP: 19/19 MP: 1/1
   236 | D:1      | Found a faded altar of an unknown god.
   295 | D:1      | Reached XP level 2. HP: 25/25 MP: 2/2
   409 | D:1      | Found Rirheed's Distillery.
   465 | D:1      | Bought a potion of curing for 42 gold pieces
   884 | D:1      | Prayed at the altar of an unknown god.
   884 | D:1      | Became a worshipper of Elyvilon the Healer
   884 | D:1      | Reached * piety under Elyvilon
   996 | D:2      | Reached XP level 3. HP: 23/31 MP: 3/3
  1613 | D:2      | Slain by a gnoll

Illustrated notes

Levels and vault maps discovered:
D:1:      dpeg_arrival_central, layout_rooms, serial_shops, shop,
          ebering_ecumenical_altar_hall, minmay_liquid_box
D:2:      layout_loops_ring

Skill      XL: |  1  2 |
---------------+-------+-----
Shields        | 3 |  3.1
Fighting       | |  3.4
Maces & Flails | |  2.6
Armour         | |  2.8

Action                   || total
-------------------------++-------
Melee: Flail             ||   106
       Tailslap          ||    12
 Abil: Rolling Charge    ||     1
  Use: Potion            ||     1
Armor: Scale mail        ||    80
Dodge: Dodged            ||    50
Block: Buckler           ||    14

Table legend: (Time is in decaauts)
 A = Elapsed time spent in this place.
 B = Non-inter-level travel time spent in this place.
 C = Inter-level travel time spent in this place.
 D = Time resting spent in this place.
 E = Time spent auto-exploring this place.
 F = Levels seen in this place.
 G = Mean time per level.
                   A        B        C        D        E       F      G
               +--------+--------+--------+--------+--------+-----+--------+
         Total |   1645 |   1589 |     56 |      0 |   1306 |   2 |  822.5 |
       Dungeon |   1645 |   1589 |     56 |      0 |   1306 |   2 |  822.5 |
               +--------+--------+--------+--------+--------+-----+--------+

Top non-repeatable levels by time:
     D:1: 909 daAuts
     D:2: 736 daAuts
